 Dungeon Sprint DCSS version 0.17-a0-1582-ge6b0260 (webtiles) character file.

88 Jb9000 the Blocker (level 8, -3/56 HPs)
             Began as a Gargoyle Fighter on July 27, 2015.
             Was a High Priest of Makhleb.
             Slain by a salamander (11 damage)
             ... in the Dungeon (Sprint VI: "Thunderdome").
             The game lasted 00:08:26 (561 turns).

Jb9000 the Blocker (Gargoyle Fighter)                Turns: 561, Time: 00:08:27

Health: -3/56      AC: 15    Str: 23    XL:     8   Next: 11%
Magic:  11/11      EV: 10    Int: 10    God:    Makhleb [*****.]
Gold:   139        SH: 12    Dex: 15    Spells: 0 memorised, 7 levels left

rFire  . . .     SeeInvis .     a - +0 war axe
rCold  + . .     Clarity  +     b - +0 scale mail
rNeg   + + .     SustAt   .     c - +0 shield
rPois  ∞         Gourm    .     (no helmet)
rElec  +         Spirit   .     u - +0 cloak
rCorr  .         Warding  .     (no gloves)
rMut   .         NoTele   +     (no boots)
MR     ++...                    p - amulet of Ceaz {Clar Dex+3}
Stlth  ++........               r - ring of Departure {Wiz rN+ MR+}
                                q - ring "Jest" {rC+ MR+ Str-3 Dex+3}

@: mighty, very slightly contaminated, very resistant to hostile enchantments,
unstealthy
A: negative energy resistance 1, electricity resistance, unbreathing,
petrification resistance, rot immunity, AC +5
a: Minor Destruction, Lesser Servant of Makhleb, Major Destruction, Greater
Servant of Makhleb, Renounce Religion


You were in the Dungeon.
You worshipped Makhleb.
Makhleb was extremely pleased with you.
You were not hungry.

You visited 1 branch You collected 330 gold pieces.
You spent 191 gold pieces at shops.

Inventory:

Hand weapons
 a - a +0 war axe (weapon)
 t - a +4 quarterstaff of chaos
Armour
 b - a +0 scale mail (worn)
 c - a +0 shield (worn)
 u - a +0 cloak (worn)
Jewellery
 p - the amulet of Ceaz (around neck) {Clar Dex+3}
   (You bought it in a shop in the Dungeon)

   [amulet of clarity]

   It provides mental clarity.
   It affects your dexterity (+3).
 q - the ring "Jest" (left hand) {rC+ MR+ Str-3 Dex+3}
   (You bought it in a shop in the Dungeon)

   [ring of protection from magic]

   It affects your strength (-3).
   It affects your dexterity (+3).
   It protects you from cold.
   It affects your resistance to hostile enchantments.
 r - the ring of Departure (right hand) {Wiz rN+ MR+}
   (You bought it in a shop in the Dungeon)

   [ring of wizardry]

   It improves your spell success rate.
   It protects you from negative energy.
   It affects your resistance to hostile enchantments.
Magical devices
 m - a wand of cold (2)
 n - a wand of fire (2)
Scrolls
 k - 3 scrolls of blinking
 o - 2 scrolls of fog
Potions
 d - a potion of might
 f - a potion of curing
 g - a potion of heal wounds
 h - 3 potions of haste
 i - 2 potions of magic
 l - a potion of resistance
Comestibles
 e - a bread ration
 s - 8 chunks of flesh


   Skills:
 + Level 9.1 Fighting
 + Level 6.2 Axes
 + Level 9.1 Armour
 + Level 2.9 Dodging
 * Level 5.8 Stealth
 + Level 9.5 Shields
 * Level 5.1 Invocations
 + Level 1.9 Evocations


You had 7 spell levels left.
You didn't know any spells.

Dungeon Overview and Level Annotations

Branches:
Dungeon (1/1)

Altars:
Cheibriados
Dithmenos
Fedhas
Gozag
Kikubaaqudgha
Makhleb
Okawaru
Qazlal
Ru
Sif Muna
Trog
Vehumet
Xom
Yredelemnul
Zin
The Shining One
Jiyva
Lugonu

Shops:
D *[%??*?*:[((!!!!


Innate Abilities, Weirdness & Mutations

You are resistant to torment.
Your stone body is resilient (AC +5).
You are immune to poison.
You resist negative energy.
You are resistant to electric shocks.
You can survive without breathing.
You are immune to petrification.
You are immune to rotting.


Message History

You escape the naga warlord's grasp.
As you read the scroll of blinking, it crumbles to dust.
Read which item? (? for menu, Esc to quit)
As you read the scroll of fog, it crumbles to dust.
The scroll dissolves into smoke.
Your extra speed is starting to run out.
You feel yourself slow down.
You feel yourself speed up. The naga warlord spits poison at you.
The splash of poison hits you! You resist.
A salamander comes into view.
You feel less exhausted.
The salamander wields a shortbow of flaming.
It bursts into flame!
The salamander shoots an arrow.
The arrow hits you but does no damage.
The salamander unwields an uncursed shortbow of flaming.
It stops flaming.
The salamander hits you.
* * * LOW HITPOINT WARNING * * *
You are engulfed in flames!
You die...

.........###...###...N......⌠#
.........# #.<.# #..........⌠#
........N###...###..........⌠#
............###[............##
#∩.......N8.# #[8........∩###
##∩.........###).....___∩##
######.8.........8.######
#⌠.......)...§#
###.......@N### #........_#
#_......._# #_......._#
#∩.......∩# ##∩.....∩##
##.....## ##⌠⌠⌠## #####


You could see a naga warrior and a salamander.

Vanquished Creatures
  Sigmund (D)
  A yak (D)
  A porcupine (D)
  2 crocodiles (D)
  A scorpion (D)
  A gnoll shaman (D)
  6 orc priests (D)
  Crazy Yiuf (D)
  Jessica (D)
  A sheep (D)
  3 gnolls (D)
  A river rat (D)
  A giant gecko (D)
  A rat (D)
22 creatures vanquished.

Notes
Turn   | Place    | Note
--------------------------------------------------------------
     0 | D        | Jb9000 the Gargoyle Fighter began the quest for the Orb.
     0 | D        | Reached XP level 1. HP: 14/14 MP: 1/1
     1 | D        | Found a shadowy altar of Dithmenos.
     1 | D        | Found a shimmering altar of Xom.
     2 | D        | Found a blossoming altar of Fedhas.
     2 | D        | Found a burning altar of Makhleb.
     3 | D        | Found a bloodstained altar of Trog.
     3 | D        | Found a glowing silver altar of Zin.
     4 | D        | Found a corrupted altar of Lugonu.
     4 | D        | Found a glowing golden altar of the Shining One.
     4 | D        | Found Satonoda's Staff Store.
     4 | D        | Found Boqong's Magic Scroll Shop.
     5 | D        | Found Zugroi's Must-Have Magic.
     5 | D        | Found Reusuufu's Magic Scroll Shop.
     5 | D        | Round 1.
     6 | D        | Found a basalt altar of Yredelemnul.
    10 | D        | Became a worshipper of Makhleb the Destroyer
    25 | D        | Found a stormy altar of Qazlal.
    30 | D        | Found Wynuanoir's Bee Food.
    30 | D        | Found Gofot's Jewellery.
    31 | D        | Found Comec's Advanced Armour.
    32 | D        | Found Vunoublu's Identification Station.
    37 | D        | Bought a glittering golden amulet for 45 gold pieces
    37 | D        | Bought an ancient marble ring for 45 gold pieces
    37 | D        | Bought a vibrating marble ring for 45 gold pieces
    37 | D        | Identified the amulet of Ceaz {Clar Dex+3} (You bought it in a shop in the Dungeon)
    38 | D        | Identified the ring "Jest" {rC+ MR+ Str-3 Dex+3} (You bought it in a shop in the Dungeon)
    39 | D        | Identified the ring of Departure {Wiz rN+ MR+} (You bought it in a shop in the Dungeon)
    51 | D        | Found an iron altar of Okawaru.
    52 | D        | Found a radiant altar of Vehumet.
    52 | D        | Found Hederaj's Premium Goods.
    53 | D        | Found Woicsop's Miscellaneous Merchandise.
    53 | D        | Found Piaghishry's Basic Armour.
    54 | D        | Found an ancient bone altar of Kikubaaqudgha.
    54 | D        | Found a snail-covered altar of Cheibriados.
    54 | D        | Found an opulent altar of Gozag.
    54 | D        | Found Fuceifoth's Weapon Rack.
    77 | D        | Noticed a scorpion
    78 | D        | Noticed Sigmund
    80 | D        | Noticed Jessica
    81 | D        | Killed a scorpion
    81 | D        | Acquired Makhleb's first power
    81 | D        | Reached skill level 5 in Fighting
    81 | D        | Reached skill level 5 in Armour
    81 | D        | Reached skill level 5 in Shields
    81 | D        | Reached XP level 2. HP: 18/21 MP: 2/2
    81 | D        | Reached XP level 3. HP: 22/26 MP: 3/3
    87 | D        | Killed Jessica
    87 | D        | Reached XP level 4. HP: 26/32 MP: 4/4
   101 | D        | Killed Sigmund
   101 | D        | Reached skill level 7 in Fighting
   101 | D        | Reached XP level 5. HP: 23/39 MP: 5/5
   101 | D        | Reached XP level 6. HP: 25/44 MP: 6/6
   102 | D        | Found a viscous altar of Jiyva.
   111 | D        | Acquired Makhleb's second power
   119 | D        | Found a sacrificial altar of Ru.
   119 | D        | Found a deep blue altar of Sif Muna.
   121 | D        | Found Necwoule's Do-It-Yourself Clinic.
   122 | D        | Found Xuebair's Bottled Wisdom.
   122 | D        | Found Buirra's Distillery.
   122 | D        | Found Yloybir's Distillery.
   130 | D        | Arena points: 6 (+6) [x1]
   138 | D        | Bought a potion of might for 28 gold pieces
   139 | D        | Bought a potion of might for 28 gold pieces
   145 | D        | Round 2.
   170 | D        | Reached skill level 8 in Fighting
   210 | D        | Acquired Makhleb's third power
   270 | D        | Noticed Crazy Yiuf
   279 | D        | Killed Crazy Yiuf
   279 | D        | Reached skill level 1 in Stealth
   279 | D        | Reached skill level 1 in Invocations
   279 | D        | Reached skill level 1 in Evocations
   317 | D        | Arena points: 18 (+12) [x1]
   332 | D        | Round 3.
   335 | D        | Noticed a yak
   336 | D        | Noticed a porcupine
   342 | D        | Acquired Makhleb's fourth power
   342 | D        | Reached skill level 1 in Dodging
   348 | D        | Killed a porcupine
   348 | D        | Reached skill level 5 in Axes
   348 | D        | Reached XP level 7. HP: 33/50 MP: 7/9
   350 | D        | Reached skill level 9 in Shields
   352 | D        | Killed a yak
   352 | D        | Acquired Makhleb's fifth power
   352 | D        | Reached skill level 5 in Stealth
   353 | D        | Arena points: 60 (+42) [x2]
   397 | D        | Round 4.
   458 | D        | Reached skill level 5 in Invocations
   458 | D        | Reached XP level 8. HP: 38/56 MP: 11/11
   487 | D        | Arena points: 88 (+28) [x1]
   502 | D        | Round 5.
   508 | D        | Noticed a naga warlord
   523 | D        | Noticed a naga warrior
   557 | D        | Noticed a salamander
   561 | D        | Slain by a salamander

Vault maps used:
D:        arena_sprint

Action                   |  1- 3 |  4- 6 |  7- 9 || total
-------------------------+-------+-------+-------++-------
Melee: War axe           |     7 |    56 |    51 ||   114
Evoke: Wand              |     3 |     2 |     1 ||     6
  Use: Potion            |       |     2 |     5 ||     7
       Scroll            |       |       |     2 ||     2
 Stab: Invisible         |       |     2 |       ||     2
